 Dungeon Crawl Stone Soup version 0.23.1-44-gbd83930989 (webtiles) character file.

Game seed: 8561295156846708460

483 Devinter the Bolt Thrower (level 6, 0/51 HPs)
             Began as a Demigod Hunter on Mar 28, 2019.
             Slain by a killer bee (4 damage)
             ... on level 5 of the Dungeon on Mar 31, 2019.
             The game lasted 00:25:35 (3200 turns).

Devinter the Bolt Thrower (Demigod Hunter)          Turns: 3200, Time: 00:25:37

Health: 0/51       AC:  5    Str: 20    XL:     6   Next: 56%
Magic:  17/17      EV: 15    Int: 15    God:
Gold:   159        SH:  0    Dex: 20    Spells: 5/5 levels left

rFire    . . .     SeeInvis +   a - +1 hand crossbow
rCold    . . .     Gourm    .   (no shield)
rNeg     . . .     Faith    .   z - +2 robe {MR+}
rPois    .         Spirit   .   D - +0 helmet {SInv}
rElec    .         Reflect  .   (no cloak)
rCorr    .         Harm     .   (no gloves)
MR       +....                  (no boots)
Stlth    +.........             (no amulet)
HPRegen  0.17/turn              q - ring of attention (curse)
MPRegen  0.15/turn              I - ring of magical power

@: mighty, lethally poisoned (0 -> -5)
A: high mp 1
a: no special abilities


You were on level 5 of the Dungeon.
You were not hungry.

You visited 1 branch of the dungeon, and saw 5 of its levels.

You collected 159 gold pieces.

Inventory:

Hand Weapons
 a - a +1 hand crossbow (weapon)
 b - a +0 short sword
 H - a +0 spear
Missiles
 d - 18 bolts (quivered)
 j - 24 poisoned needles
 s - 3 javelins
 u - 57 arrows
Armour
 l - a +0 helmet
 z - a +2 robe of magic resistance (worn)
 D - a +0 helmet of see invisible (worn)
Jewellery
 q - a cursed ring of attention (left hand)
 F - a +4 amulet of reflection {unknown}
 G - an uncursed amulet of regeneration {unknown}
 I - a ring of magical power (right hand)
Scrolls
 g - a scroll of enchant weapon {unknown}
 m - 3 scrolls of blinking {unknown}
 o - 3 scrolls of magic mapping {unknown}
 x - a scroll of immolation {unknown}
 y - 6 scrolls of identify {unknown}
 A - 3 scrolls of enchant armour {unknown}
 B - 2 scrolls of remove curse {unknown}
 C - a scroll of teleportation {unknown}
 E - a scroll of fear {unknown}
Potions
 c - a potion of mutation {unknown}
 e - a potion of invisibility {unknown}
 h - 2 potions of degeneration {unknown}
 i - a potion of agility {unknown}
 k - a potion of heal wounds {unknown}
 n - a potion of curing
 p - a potion of might
 r - a potion of brilliance {unknown}
 t - a potion of berserk rage {unknown}
 v - 3 potions of cancellation {unknown}
 w - a potion of flight {unknown}
Comestibles
 f - 9 rations
 J - a chunk of flesh


   Skills:
 - Level 3.0 Fighting
 + Level 5.9 Crossbows
 + Level 4.2 Dodging
 - Level 1.0 Stealth


You had 5 spell levels left.
You didn't know any spells.
Your spell library was empty.

Dungeon Overview and Level Annotations

Branches:
Dungeon (5/15)             Temple (0/1) D:5


Innate Abilities, Weirdness & Mutations

You have an increased reservoir of magic. (+10% MP)


Message History

* * * LOW HITPOINT WARNING * * *
You are poisoned.
The killer bee poisons you! The killer bee barely misses you.
The killer bee stings you.
* * * LOW HITPOINT WARNING * * *
The killer bee closely misses you.
It was a potion of might.
You feel very mighty all of a sudden.
You feel sick.
The killer bee misses you. x2; The killer bee stings you.
* * * LOW HITPOINT WARNING * * *
The killer bee barely misses you. The killer bee completely misses you.
The killer bee stings you but does no damage.
You feel better. The killer bee closely misses you.
The killer bee completely misses you. The killer bee misses you.
The killer bee stings you.
* * * LOW HITPOINT WARNING * * *
You are lethally poisoned!
The killer bee poisons you! The killer bee closely misses you.
The killer bee stings you.
You die...

#......# #......#
#......#
#......#######.
#.............(
#..............
#(.yy...(......
#.yyyy.........
###@###........
#....#######..
#..........+ .
#>.........# ...#
#..........# ..8>8
#..........#.....#
#..........#.....#
#..........#.....#
##...####'##.....#


You could see 6 killer bees.

Vanquished Creatures
  2 ogres (D:4)
  2 scorpions
  A bullfrog zombie (D:3)
  A hound (D:5)
  A worker ant (D:4)
  A hound skeleton (D:4)
  6 adders
  A worm (D:2)
  2 dart slugs (D:1)
  4 orcs
  2 giant cockroaches
  4 goblins
  10 hobgoblins
  2 jackals (D:3)
  2 quokkas (D:3)
  3 ball pythons
  4 bats
  3 frilled lizards
  3 kobolds
  8 rats
62 creatures vanquished.

Vanquished Creatures (others)
  An adder (D:5)
1 creature vanquished.

Grand Total: 63 creatures vanquished

Notes
Turn   | Place    | Note
-------+----------+-------------------------------------------
     0 | D:1      | Devinter the Demigod Hunter began the quest for the Orb.
     0 | D:1      | Reached XP level 1. HP: 17/17 MP: 3/3
     1 | D:1      | Upgraded the game from 0.23.1-38-g628c18f423 to
                  | 0.23.1-44-gbd83930989
    53 | D:1      | Reached skill level 1 in Stealth
   119 | D:1      | Reached skill level 2 in Fighting
   119 | D:1      | Reached skill level 2 in Dodging
   221 | D:1      | Reached XP level 2. HP: 24/24 MP: 4/4
  1059 | D:2      | Reached skill level 4 in Crossbows
  1059 | D:2      | Reached XP level 3. HP: 27/30 MP: 5/5
  1346 | D:2      | Found a blossoming altar of Fedhas.
  1656 | D:3      | Found a burning altar of Makhleb.
  1656 | D:3      | Found a bloodstained altar of Trog.
  1733 | D:3      | Reached XP level 4. HP: 37/37 MP: 6/6
  2297 | D:3      | Reached skill level 3 in Fighting
  2297 | D:3      | Reached skill level 3 in Dodging
  2565 | D:4      | Noticed an ogre
  2570 | D:4      | Killed an ogre
  2570 | D:4      | Reached skill level 5 in Crossbows
  2570 | D:4      | Reached XP level 5. HP: 45/45 MP: 7/7
  2708 | D:4      | Noticed an ogre
  2712 | D:4      | Killed an ogre
  2712 | D:4      | Reached XP level 6. HP: 51/51 MP: 8/8
  2868 | D:5      | Entered Level 5 of the Dungeon
  3004 | D:5      | Reached skill level 4 in Dodging
  3145 | D:5      | Found a staircase to the Ecumenical Temple.
  3199 | D:5      | HP: 3/51 [killer bee (4)]
  3200 | D:5      | Slain by a killer bee

Skill      XL: |  1  2  3  4  5  6 |
---------------+-------------------+-----
Stealth        | 1 |  1.0
Fighting       | 2 3 |  3.0
Dodging        | 2 3 4 |  4.2
Crossbows      | 4 5 |  5.9

Action                   |  1- 3 |  4- 6 || total
-------------------------+-------+-------++-------
Melee: Short sword       |       |    36 ||    36
 Fire: Hand crossbow     |    85 |    52 ||   137
  Use: Potion            |       |     3 ||     3
  Eat: Chunk             |     2 |     5 ||     7
Armor: Chain mail        |     6 |       ||     6
       Robe              |       |    20 ||    20
Dodge: Dodged            |    12 |    67 ||    79
